 Dungeon Crawl Stone Soup version 0.29.1-15-g9cfb28693d (webtiles) character file.

Game seed: 11827135917453281094

14236 croobank the Zephyrmancer (level 11, -2/72 HPs)
             Began as a Demonspawn Fire Elementalist on Apr 23, 2023.
             Was an Elder of Hepliaklqana.
             Slain by a manticore (4 damage)
             ... on level 13 of the Dungeon.
             The game lasted 00:40:13 (13613 turns).

croobank the Zephyrmancer (DsFE)                   Turns: 13613, Time: 00:40:14

Health: -2/72      AC:  5    Str:  8    XL:     11   Next: 86%
Magic:  8/20       EV: 13    Int: 26    God:    Hepliaklqana [****..]
Gold:   230        SH:  5    Dex: 15    Spells: 8/22 levels left

rFire   + + .      SeeInvis .   l - staff of fire
rCold   + . .      Faith    .   p - +0 buckler
rNeg    . . .      Spirit   .   a - +0 troll leather armour
rPois   .          Reflect  .   (helmet restricted)
rElec   .          Harm     .   X - scarf {rC+ rF+}
rCorr   .          Rampage  .   (no gloves)
Will    .....                   x - +0 pair of boots
Stlth   +++.......              j - amulet of magic regeneration
HPRegen 1.02/turn               (no ring)
MPRegen 0.57/turn               (no ring)

@: no status effects
A: reduced essence, horns 2, demonic guardian 1, powered by pain 2, big brain 3
a: Renounce Religion, Recall Ancestor, Ancestor Identity, Transference, Idealise


You were on level 13 of the Dungeon.
You worshipped Hepliaklqana.
Hepliaklqana was greatly pleased with you.
You visited 2 branches of the dungeon, and saw 14 of its levels.
You also visited: Bailey.

You collected 678 gold pieces.
You spent 448 gold pieces at shops.

Inventory:

Hand Weapons
 f - a +3 dagger of speed
 g - a +2 vampiric falchion
 t - a +0 vampiric trident
 H - a +6 war axe
 N - a +0 broad axe
 O - a +4 flail
 P - a +4 long sword
 Q - a +2 dagger of freezing
Missiles
 h - 4 atropa-tipped darts
 i - 3 throwing nets
 B - 8 boomerangs
 J - 37 poisoned darts
 K - a curare-tipped dart
Armour
 a - a +0 troll leather armour (worn)
 d - a +0 leather armour
 p - a +0 buckler (worn)
 x - a +0 pair of boots (worn)
 X - a scarf of resistance (worn)
Magical Staves
 l - a staff of fire (weapon)
Jewellery
 c - an amulet of reflection
 j - an amulet of magic regeneration (around neck)
 z - a ring of flight
 M - an amulet of the acrobat
Wands
 r - a wand of charming (13)
 u - a wand of flame (27)
 E - a wand of iceblast (30)
 I - a wand of digging (6)
 L - a wand of polymorph (2)
 R - a wand of acid (2)
Scrolls
 e - 3 scrolls of immolation
 n - 9 scrolls of teleportation
 w - 4 scrolls of summoning
 y - 2 scrolls of blinking
 F - a scroll of amnesia
 S - 3 scrolls of fear
 U - a scroll of fog {unknown}
 V - a scroll of brand weapon {unknown}
Potions
 b - 2 potions of invisibility {unknown}
 k - 4 potions of might
 m - a potion of ambrosia
 o - 2 potions of cancellation
 q - 2 potions of flight
 s - 7 potions of curing
 v - 3 potions of attraction
 A - 3 potions of haste {unknown}
 C - a potion of berserk rage
 D - 2 potions of heal wounds
 G - 2 potions of lignification {unknown}
 W - 2 potions of magic
 Y - a potion of resistance {unknown}
 Z - a potion of mutation {unknown}


   Skills:
 - Level 6.1 Fighting
 - Level 6.1 Dodging
 - Level 6.6 Stealth
 - Level 4.0 Shields
 - Level 6.1 Spellcasting
 - Level 6.3 Conjurations
 - Level 6.5 Fire Magic
 + Level 8.4 Air Magic
 - Level 6.8 Invocations


You had 8 spell levels left.
You knew the following spells:

 Your Spells              Type           Power      Damage    Failure   Level
a - Foxfire               Conj/Fire      100%       2x1d9     1%          1
b - Scorch                Fire           100%       2d10      1%          2
c - Flame Wave            Conj/Fire      58%        2d14      4%          4
d - Inner Flame           Hex/Fire       37%        N/A       4%          3
e - Airstrike             Air            25%        2d(4-20)  1%          4

Your spell library contained the following spells:

 Spells                   Type           Power      Damage    Failure   Level
 Conjure Flame            Conj/Fire      58%        6-21      1%          3
 Stone Arrow              Conj/Erth      48%        3d10      4%          3
 Beastly Appendage        Tmut           14%        N/A       5%          1
 Sandblast                Erth           14%        2d6       5%          1
 Lightning Bolt           Conj/Air       23%        1d38      7%          5
 Passwall                 Tmut/Erth      5%         N/A       9%          2
 Summon Lightning Spire   Summ/Air       29%        N/A       9%          4
 Spider Form              Tmut/Pois      7%         N/A       16%         3
 Animate Dead             Necr           7%         N/A       45%         4
 Eringya's Noxious Bog    Tmut/Pois      3%         N/A       100%        6
 Statue Form              Tmut/Erth      4%         N/A       100%        6
 Haunt                    Necr/Summ      3%         N/A       100%        7
 Infestation              Necr           3%         N/A       100%        8


Dungeon Overview and Level Annotations

Branches:
Dungeon (12/15)            Temple (1/1) D:5            Lair (0/5) D:11
    Orc (0/2) D:11         Bailey (visited)

Altars:
Cheibriados
Dithmenos
Hepliaklqana
Kikubaaqudgha
Makhleb
Nemelex Xobeh
Okawaru
Qazlal
Ru
Sif Muna
Trog
Uskayaw
Yredelemnul

Shops:
D:3 [

Annotations:
D:2 1 runed translucent door, Crazy Yiuf


Innate Abilities, Weirdness & Mutations

Your life essence is reduced to manifest your ancestor. (-10% HP)
You have a pair of horns on your head.
A weak demonic guardian rushes to your aid.
You sometimes gain power by taking damage.
You have an absolutely massive brain. (Int +6, Wiz)


Message History

Casting: Foxfire (safe; 1% risk of failure)
Confirm with . or Enter, or press ? or * to list all spells.
You feel a surge of power!
Flames lash the manticore.
The manticore is heavily wounded.
The manticore's fire resistance burns away.
The foxfire hits the manticore.
The manticore is burned terribly!
The manticore is heavily wounded.
The foxfire hits the slime creature.
The slime creature is moderately wounded.
Casting: Scorch (safe; 1% risk of failure)
Confirm with . or Enter, or press ? or * to list all spells.
You feel a surge of power!
Flames lash the manticore.
The manticore is burned terribly!
The manticore is almost dead.
The slime creature hits you but does no damage.
The manticore bites you!! The manticore closely misses you.
The manticore claws you! You block the slime creature's attack.
Casting: Scorch (safe; 1% risk of failure)
Confirm with . or Enter, or press ? or * to list all spells.
You feel a surge of power!
Flames lash the slime creature.
The slime creature is moderately wounded.
The slime creature's fire resistance burns away.
You hear a shout!
The manticore bites you! You block the manticore's attack.
The manticore claws you!
* * * LOW HITPOINT WARNING * * *
The slime creature hits you!
* * * LOW HITPOINT WARNING * * *
A demonic guardian appears!
The slime creature misses you.
Casting: Scorch (safe; 1% risk of failure)
Confirm with . or Enter, or press ? or * to list all spells.
You feel a surge of power!
Flames lash the slime creature.
The slime creature is burned terribly!
The slime creature is heavily wounded.
A human comes into view.
The slime creature misses you. The slime creature hits you!
* * * LOW HITPOINT WARNING * * *
The manticore bites you but does no damage.
The manticore claws you.
You die...

,,,,,,,,,*,,*****,,,##,,,####..,,
,,,,,,,,,#.p......,,.##.##.....,,
,,,,,,,,,#.....>..,,,.###^....,,,
,,,,,,,,,#.......#***#.#....#****
*********#.......# #......# #
,,,,,,,,,........# #...H..# #
,,,,,,,,,........# #......# #
,,,,,,,,,......J.# #......#####
,,,,,,,,,......J@#####...........
***,,,,,,........H....†..........
*,,,,,,......5.......###.......
*,,,,,,.....######...# #.....#.
*,,,,,,.....* #...# ########
*,,,,,,....<* #...# ##.#
*,,,,,,...*** #...# #...
*,,,,,,...* #...# ##.#
*********** ##### #.#


You could see 2 slime creatures, a manticore (combustible), a human and a
friendly shadow imp (summoned).

Vanquished Creatures
  Harold (D:10)
  2 vault guards (Bailey)
  A hydra (D:13)
  2 two-headed ogres
  A cane toad (Bailey)
  A troll (D:11)
  Grinder (D:6)
  A slime creature (D:13)
  Sigmund (D:5)
  2 humans (Bailey)
  Eustachio (D:4)
  A vampire mosquito (D:10)
  Menkaure (D:6)
  A water moccasin (D:6)
  Duvessa (D:5)
  A sky beast (D:7)
  2 orc warriors
  An ice beast (D:7)
  2 black bears
  4 centaurs
  3 phantoms (D:5)
  3 kobold brigands
  4 necrophages
  9 bullfrogs
  A gnoll sergeant (D:9)
  A scorpion (D:6)
  Dowan (D:5)
  9 wights
  2 killer bees (D:10)
  A howler monkey (D:9)
  2 centaur zombies (D:5)
  A bullfrog zombie (D:5)
  A centaur skeleton (D:5)
  3 hounds
  A gnoll bouda (D:6)
  5 orc priests
  5 iguanas
  7 orc wizards
  Ijyb (D:3)
  Terence (D:3)
  Natasha (thrice) (D:3)
  A killer bee zombie (D:5)
  2 hound zombies (D:5)
  10 gnolls
  6 adders
  2 shadow imps
  2 white imps
  An adder zombie (D:5)
  A worm (D:2)
  9 dart slugs
  30 orcs
  7 ball pythons
  5 endoplasms
  6 giant cockroaches
  15 goblins
  7 hobgoblins
  8 jackals
  23 kobolds
  5 quokkas
  13 bats
  5 frilled lizards
  6 rats
256 creatures vanquished.

Vanquished Creatures (collateral kills)
  A boulder beetle (D:11)
  A two-headed ogre (D:11)
  An elephant (D:11)
  Maurice (D:10)
  An unseen horror (D:10)
  Prince Ribbit (D:8)
  A shadow (D:9)
  4 wyverns
  4 humans (Bailey)
  2 vampire mosquitoes (D:10)
  An acid dragon (D:11)
  A black bear (D:11)
  A centaur (D:8)
  2 kobold brigands
  2 bullfrogs (Bailey)
  2 killer bees (D:10)
  3 howler monkeys (D:9)
  3 orc wizards
  3 gnolls (D:9)
  7 orcs
  4 goblins
  A hobgoblin (Bailey)
  4 kobolds
51 creatures vanquished.

Vanquished Creatures (others)
  7 battlemagi
  513 foxfires
  5 withered plants (D:5)
525 creatures vanquished.

Grand Total: 832 creatures vanquished

Notes
Turn   | Place    | Note
-------+----------+-------------------------------------------
     0 | D:1      | croobank the Demonspawn Fire Elementalist began the quest
                  | for the Orb.
     0 | D:1      | Reached XP level 1. HP: 13/13 MP: 3/3
   596 | D:1      | Gained mutation: You have an unusually large brain. (Int
                  | +2) [demonic ancestry]
   596 | D:1      | Reached XP level 2. HP: 19/19 MP: 3/5
   664 | D:1      | Learned a level 2 spell: Scorch
  1201 | D:1      | Reached XP level 3. HP: 20/25 MP: 3/6
  1878 | D:2      | Reached skill level 1 in Fighting
  2255 | D:2      | Found a runed translucent door.
  2256 | D:2      | Noticed Crazy Yiuf
  2344 | D:3      | Noticed Natasha
  2350 | D:3      | Gained mutation: You sometimes gain a little power by
                  | taking damage. [demonic ancestry]
  2350 | D:3      | Reached XP level 4. HP: 31/32 MP: 4/7
  2366 | D:3      | Killed Natasha
  2646 | D:3      | Learned a level 4 spell: Flame Wave
  2681 | D:3      | Found Mimuem's Armour Emporium.
  2700 | D:3      | Gained mutation: You have an extremely huge brain. (Int +4)
                  | [demonic ancestry]
  2700 | D:3      | Reached XP level 5. HP: 37/37 MP: 5/8
  2825 | D:3      | Found a faded altar of an unknown god.
  2888 | D:3      | Noticed Ijyb
  2888 | D:3      | Noticed Terence
  2914 | D:3      | Killed Terence
  2917 | D:3      | Killed Ijyb
  2971 | D:3      | Noticed Natasha
  3217 | D:3      | Killed Natasha
  3218 | D:3      | Reached skill level 1 in Shields
  3252 | D:3      | Noticed Natasha
  3256 | D:3      | Killed Natasha
  3420 | D:3      | Reached XP level 6. HP: 44/44 MP: 4/10
  4753 | D:4      | Learned a level 3 spell: Inner Flame
  4765 | D:5      | Entered Level 5 of the Dungeon
  4765 | D:5      | Noticed Dowan
  4765 | D:5      | Noticed Sigmund
  4765 | D:5      | Noticed Eustachio
  4767 | D:5      | Noticed Duvessa
  4773 | D:4      | Killed Eustachio
  4774 | D:4      | Gained mutation: You have a pair of small horns on your
                  | head. [demonic ancestry]
  4774 | D:4      | Reached XP level 7. HP: 37/51 MP: 2/11
  5028 | D:5      | Killed Duvessa
  5030 | D:5      | Killed Dowan
  5297 | D:5      | Found a staircase to the Ecumenical Temple.
  5452 | Temple   | Entered the Ecumenical Temple
  5538 | Temple   | Became a worshipper of Hepliaklqana the Forgotten
  5563 | D:5      | Killed Sigmund
  5564 | D:5      | Gained mutation: You have a pair of horns on your head.
                  | [demonic ancestry]
  5564 | D:5      | Reached XP level 8. HP: 58/58 MP: 9/13
  5579 | D:5      | Reached skill level 1 in Invocations
  6045 | D:5      | Got the Monograph on Virous Transfiguration
  6501 | D:6      | Gained mutation: You sometimes gain power by taking damage.
                  | [demonic ancestry]
  6501 | D:6      | Reached XP level 9. HP: 62/64 MP: 11/15
  6526 | D:6      | Noticed Grinder
  6539 | D:6      | Killed Grinder
  6628 | D:6      | Found a stormy altar of Qazlal.
  6727 | D:6      | Reached skill level 5 in Fire Magic
  7130 | D:6      | Reached skill level 5 in Stealth
  7329 | D:6      | Noticed Menkaure
  7341 | D:6      | Killed Menkaure
  7792 | D:6      | Reached * piety under Hepliaklqana
  8339 | D:7      | Found a shadowy altar of Dithmenos.
  8523 | D:7      | Found a bloodstained altar of Trog.
  8523 | D:7      | Found a snail-covered altar of Cheibriados.
  8524 | D:7      | Found an iron altar of Okawaru.
  8524 | D:7      | Found a shimmering blue altar of Sif Muna.
  8530 | D:7      | Reached skill level 5 in Conjurations
  9086 | D:8      | Reached ** piety under Hepliaklqana
  9088 | D:8      | Remembered your ancestor Tlalli as a battlemage
  9167 | D:8      | Reached skill level 5 in Dodging
  9167 | D:8      | Reached skill level 5 in Spellcasting
  9283 | D:8      | Noticed Prince Ribbit
  9290 | D:8      | Killed Prince Ribbit
  9291 | D:8      | Reached skill level 5 in Invocations
  9732 | D:9      | Reached skill level 5 in Fighting
  9732 | D:9      | Gained mutation: A weak demonic guardian rushes to your
                  | aid. [demonic ancestry]
  9732 | D:9      | Reached XP level 10. HP: 66/66 MP: 13/17
 10054 | D:9      | Found a sparkling altar of Nemelex Xobeh.
 10433 | D:9      | Noticed a two-headed ogre
 10442 | D:9      | Killed a two-headed ogre
 10655 | D:9      | Reached *** piety under Hepliaklqana
 10758 | D:10     | Entered Level 10 of the Dungeon
 10824 | D:10     | Noticed Harold
 10831 | D:10     | Killed Harold
 11081 | D:10     | Found a sacrificial altar of Ru.
 11211 | D:10     | Noticed a two-headed ogre
 11221 | D:10     | Killed a two-headed ogre
 11224 | D:10     | Gained mutation: You have an absolutely massive brain. (Int
                  | +6, Wiz) [demonic ancestry]
 11224 | D:10     | Reached XP level 11. HP: 66/72 MP: 9/20
 11265 | D:10     | Noticed Maurice
 11268 | D:10     | Found a flagged portal.
 11271 | D:10     | Killed Maurice
 11279 | Bailey   | Entered a bailey
 11472 | Bailey   | Learned a level 4 spell: Airstrike
 11486 | Bailey   | Reached skill level 1 in Air Magic
 11495 | Bailey   | Reached skill level 2 in Air Magic
 11557 | Bailey   | Reached skill level 3 in Air Magic
 11667 | Bailey   | Noticed a vault guard
 11677 | Bailey   | Killed a vault guard
 11678 | Bailey   | Reached skill level 4 in Air Magic
 11758 | Bailey   | Noticed a vault guard
 11772 | Bailey   | Killed a vault guard
 11773 | Bailey   | Reached skill level 5 in Air Magic
 12053 | D:3      | Bought a scarf of resistance for 448 gold pieces
 12722 | D:11     | Reached skill level 6 in Air Magic
 12730 | D:11     | Noticed a boulder beetle
 12757 | D:11     | Killed a boulder beetle
 12976 | D:11     | Reached skill level 7 in Air Magic
 13025 | D:11     | Noticed a two-headed ogre
 13032 | D:11     | Killed a two-headed ogre
 13132 | D:11     | Found a staircase to the Orcish Mines.
 13180 | D:11     | Reached **** piety under Hepliaklqana
 13411 | D:11     | Found a staircase to the Lair.
 13551 | D:12     | You fall into a shaft and drop 1 floor!
 13581 | D:13     | Noticed an eight-headed hydra
 13588 | D:13     | Killed an eight-headed hydra
 13589 | D:13     | Reached skill level 8 in Air Magic
 13613 | D:13     | HP: 2/72 [slime creature (11)]
 13613 | D:13     | Slain by a manticore

Illustrated notes

Levels and vault maps discovered:
D:1:      tarquinn_simple_flora_water_f, layout_basic, minmay_indecisive_spiral
D:2:      layout_loops_ring, uniq_crazy_yiuf_cottage
D:3:      layout_basic, serial_shops, nicolae_shop_waterfront,
          ebering_ecumenical_altar_hall, uniq_natasha, uniq_ijyb, uniq_terence
D:4:      kennysheep_slugbush, layout_gridville
D:5:      layout_rooms, minmay_temple_entry_glassed_door, serial_undead,
          serial_undead_f, serial_undead_b, serial_undead_a, serial_undead_e,
          uniq_duvessa, uniq_sigmund, uniq_eustachio
D:6:      layout_loops_corners, nicolae_qazlal_general_emergency, uniq_grinder,
          uniq_menkaure
D:7:      layout_loops_ring, chequers_temple_overflow_statue_of_worship,
          lemuel_crystal_altar
D:8:      layout_loops_ring, uniq_prince_ribbit1
D:9:      layout_roguey, nemelex_spade_bored_becter
D:10:     layout_loops_ring, mainiacjoe_overflow_catch_the_wave, enter_bailey_3,
          chequers_serial_rivers_micro_e, uniq_harold, uniq_maurice
D:11:     layout_irregular_city, david_lair_generic, grunt_decor_fettered
D:12:     layout_irregular_city, portal_ice_cave_entry_animals_and_master,
          centaur_isle
D:13:     layout_irregular_city, nrook_loot_triangle,
          dilly_guarded_unrand_elemental_staff
Temple:   nicolae_temple_bog_church

Skill      XL: |  1  2  3  4  5  6  7  8  9 10 11 |
---------------+----------------------------------+-----
Stealth        | 2 3 4 5 6 |  6.6
Dodging        | 2 3 4 5 6 |  6.1
Fire Magic     | 3 4 5 6 |  6.5
Fighting       | 1 2 3 5 6 |  6.1
Conjurations   | 2 3 4 5 6 |  6.3
Shields        | 1 2 3 4 |  4.0
Spellcasting   | 3 4 5 6 |  6.1
Invocations    | 3 5 6 |  6.8
Air Magic      | 8 |  8.4

Action                   |  1- 3 |  4- 6 |  7- 9 | 10-12 || total
-------------------------+-------+-------+-------+-------++-------
Melee: Unarmed           |     9 |       |       |       ||     9
       Dagger            |     8 |    28 |    33 |       ||    69
       Staff             |       |       |    23 |    14 ||    37
       Headbutt          |       |       |    13 |     7 ||    20
       Falchion          |       |       |       |    13 ||    13
 Cast: Foxfire           |    35 |    65 |    69 |   132 ||   301
       Scorch            |    35 |    59 |   159 |    97 ||   350
       Airstrike         |       |       |       |     5 ||     5
Invok: Ancestor Life: Ba |       |       |     1 |       ||     1
       Recall Ancestor   |       |       |       |     1 ||     1
Evoke: Wand              |       |       |     1 |       ||     1
  Use: Scroll            |       |    10 |     5 |     7 ||    22
       Potion            |       |     1 |     3 |     2 ||     6
 Stab: Sleeping          |     1 |       |     2 |       ||     3
Armor: Robe              |     5 |    15 |    18 |     9 ||    47
       Troll leather arm |       |       |       |     2 ||     2
Dodge: Dodged            |    13 |    45 |    76 |    57 ||   191
Block: Other             |    11 |       |       |       ||    11
       Buckler           |       |    11 |    32 |    20 ||    63
